 Dungeon Crawl Stone Soup version 0.29.1-1-gd02db6906a (webtiles) character file.

Game seed: 8784665758073637894

50 avis the Chopper (level 3, -11/34 HPs)
             Began as a Hill Orc Monk on Sept 28, 2022.
             Blown up by Ijyb (17 damage)
             ... with a mindburst bolt
             ... on level 3 of the Dungeon.
             The game lasted 00:06:35 (2596 turns).

avis the Chopper (Hill Orc Monk)                    Turns: 2596, Time: 00:06:35

Health: -11/34     AC:  6    Str: 15    XL:     3   Next: 79%
Magic:  3/3        EV: 10    Int: 10    God:
Gold:   129        SH:  5    Dex: 13    Spells: 2/2 levels left

rFire   . . .      SeeInvis .   a - +0 hand axe
rCold   . . .      Faith    .   (no shield)
rNeg    . . .      Spirit   .   r - +0 scale mail
rPois   .          Reflect  +   (no helmet)
rElec   .          Harm     .   (no cloak)
rCorr   .          Rampage  .   (no gloves)
Will    .....                   (no boots)
Stlth   ..........              q - amulet of reflection
HPRegen 0.11/turn               (no ring)
MPRegen 0.08/turn               (no ring)

@: no status effects
A: no striking features
a: no special abilities


You were on level 3 of the Dungeon.
You visited 1 branch of the dungeon, and saw 3 of its levels.

You collected 129 gold pieces.

Inventory:

Hand Weapons
 a - a +0 hand axe (weapon)
Missiles
 d - 4 poisoned darts (quivered)
Armour
 b - a +0 robe
 p - a +0 leather armour
 r - a +0 scale mail (worn)
Jewellery
 q - an amulet of reflection (around neck)
Scrolls
 e - a scroll of butterflies {unknown}
 f - a scroll of fear {unknown}
 h - a scroll of noise {unknown}
 k - a scroll of amnesia {unknown}
 m - 3 scrolls of identify {unknown}
Potions
 c - a potion of ambrosia
 g - a potion of invisibility {unknown}
 i - a potion of mutation {unknown}
 j - a potion of lignification {unknown}
 l - a potion of haste {unknown}
 n - a potion of flight {unknown}
 o - a potion of experience {unknown}


   Skills:
 + Level 4.3 Fighting
 * Level 5.5 Axes
 - Level 2.4 Dodging
 - Level 1.5 Stealth


You had 2 spell levels left.
You didn't know any spells.
Your spell library was empty.

Dungeon Overview and Level Annotations

Branches:
Dungeon (3/15)

Altars:

Annotations:
D:3 Ijyb


Message History

A mysterious force pulls you upwards. The hatch slams shut behind you.
There is a stone staircase leading down here.
You climb downwards.
There is a stone staircase leading up here.
There is a stone staircase leading down here.
Ijyb the Twisted Goblin comes into view.
She is wielding a +0 club and carrying a wand of mindburst (21).
Ijyb zaps a wand.
Your mind is blasted!
Ijyb screams, "Die!"
Ijyb barely misses you.
You completely miss Ijyb. Ijyb barely misses you.
You hit Ijyb but do no damage. Ijyb hits you but does no damage.
You hit Ijyb.
Ijyb is lightly wounded.
You block Ijyb's attack.
You hit Ijyb but do no damage.
Ijyb is lightly wounded.
Ijyb hits you but does no damage.
You closely miss Ijyb.
Ijyb is lightly wounded.
Ijyb closely misses you.
You hit Ijyb but do no damage.
Ijyb is lightly wounded.
Ijyb hits you but does no damage.
You barely miss Ijyb. You punch Ijyb, but do no damage.
Ijyb is lightly wounded.
Ijyb hits you with a +0 club.
You hit Ijyb.
Ijyb is lightly wounded.
Ijyb zaps a wand.
Your mind is blasted!
Ouch! That really hurt!
You closely miss Ijyb.
Ijyb is lightly wounded.
Ijyb zaps a wand.
Your mind is blasted!
* * * LOW HITPOINT WARNING * * *
You hit Ijyb but do no damage.
Ijyb is lightly wounded.
Ijyb screams, "I dance on your bones!"
Ijyb zaps a wand.
Your mind is blasted!
Ouch! That really hurt!
You die...

################
#....##........#
#####....##....<...#
...................#
####....##>.......# .
#....##........#
....#####.##.###...#####
........g@.#.###...#
.....####.#####....# ...
### ###### # ##### #....
#.... #.... #.... #....


You could see Ijyb.

Vanquished Creatures
  3 dart slugs
  7 ball pythons
  7 endoplasms
  2 giant cockroaches (D:1)
  3 goblins
  3 hobgoblins
  2 quokkas
  2 bats (D:1)
  2 frilled lizards (D:1)
  4 kobolds
  4 rats (D:1)
39 creatures vanquished.

Notes
Turn   | Place    | Note
-------+----------+-------------------------------------------
     0 | D:1      | avis the Hill Orc Monk began the quest for the Orb.
     0 | D:1      | Reached XP level 1. HP: 19/19 MP: 1/1
   113 | D:1      | Reached XP level 2. HP: 18/27 MP: 2/2
   649 | D:1      | Reached skill level 5 in Axes
   762 | D:1      | Reached XP level 3. HP: 33/33 MP: 3/3
  2392 | D:2      | Found a faded altar of an unknown god.
  2577 | D:3      | Noticed Ijyb
  2596 | D:3      | Blown up by Ijyb

Illustrated notes

Levels and vault maps discovered:
D:1:      dpeg_arrival_tiny_h, layout_basic
D:2:      layout_basic, shapermc_ecumenical_altar_petra
D:3:      layout_basic, gammafunk_temple_overflow_wave,
          chequers_serial_rivers_large_a, uniq_natasha, uniq_ijyb

Skill      XL: |  1  2 |
---------------+-------+-----
Fighting       | 4 |  4.3
Axes           | 5 |  5.5
Dodging        | |  2.4
Stealth        | |  1.5

Action                   || total
-------------------------++-------
Melee: Hand axe          ||   135
       Punch             ||     1
 Stab: Sleeping          ||     2
Armor: Robe              ||    12
       Scale mail        ||     6
       Leather armour    ||     1
Dodge: Dodged            ||    75
Block: Other             ||     5
